 Dungeon Sprint DCSS version 0.23-a0-169-gb21e695 (webtiles) character file.

11089 Fang the Severer (level 11, -7/80 HPs)
             Began as a Gargoyle Berserker on Sept 11, 2018.
             Was the Champion of Trog.
             Killed from afar by a bog body (26 damage)
             ... with a bolt of cold
             ... in the Dungeon (Sprint VII: "The Pits").
             The game lasted 00:11:51 (2499 turns).

Fang the Severer (Gargoyle Berserker)               Turns: 2499, Time: 00:11:52

Health: -7/80      AC: 25    Str: 23    XL:     11   Next: 72%
Magic:  3/3        EV: 12    Int: 12    God:    Trog [******]
Gold:   13         SH:  0    Dex: 12    Spells: 10/10 levels left

rFire    . . .     SeeInvis .   u - +3 executioner's axe (antimagic)
rCold    . . .     Gourm    .   (shield currently unavailable)
rNeg     + . .     Faith    .   t - +4 chain mail
rPois    ∞         Spirit   .   (no helmet)
rElec    +         Reflect  .   (no cloak)
rCorr    .         Harm     .   (no gloves)
MR       .....     NoTele   +   (no boots)
Stlth    ..........             (no amulet)
HPRegen  0.23/turn              o - +3 ring of intelligence
MPRegen  0.08/turn              q - +3 ring of dexterity

@: berserk cooldown, slowed, very slow
A: negative energy resistance 1, electricity resistance, unbreathing,
petrification resistance, rot immunity, AC +8
a: Berserk, Trog's Hand, Brothers in Arms, Renounce Religion


You were in the Dungeon.
You worshipped Trog.
Trog was exalted by your worship.
You were not hungry.

You visited 1 branch You collected 13 gold pieces.

Inventory:

Hand Weapons
 b - a +2 hand axe of electrocution
 j - a +2 hand axe of freezing
 m - a +0 hand axe of chopping
 n - a +5 war axe of venom
 u - a +3 antimagic executioner's axe (weapon)
Armour
 t - a +4 chain mail (worn)
Jewellery
 o - a +3 ring of intelligence (left hand)
 q - a +3 ring of dexterity (right hand)
 z - an uncursed ring of positive energy
Scrolls
 i - 3 scrolls of blinking
 k - 5 scrolls of remove curse
 l - a scroll of summoning
 s - 4 scrolls of identify
 w - 2 scrolls of enchant armour
 y - a scroll of fear
 A - a scroll of fog
Potions
 a - 2 potions of invisibility
 d - 11 potions of curing
 e - 11 potions of heal wounds
 f - 2 potions of haste
 g - 4 potions of magic
 h - 7 potions of berserk rage
 p - 2 potions of resistance
 r - 3 potions of might
 x - a potion of agility
Comestibles
 c - 7 rations
 v - 4 chunks of flesh


   Skills:
 + Level 14.7 Fighting
 + Level 17.3 Axes
 + Level 14.0 Armour
 + Level 8.0 Dodging
 + Level 2.6 Stealth


You had 10 spell levels left.
You didn't know any spells.
Your spell library was empty.

Dungeon Overview and Level Annotations

Branches:
Dungeon (1/1)

Altars:
Cheibriados
Dithmenos
Elyvilon
Fedhas
Gozag
Hepliaklqana
Makhleb
Nemelex Xobeh
Okawaru
Qazlal
Ru
Sif Muna
Trog
Vehumet
Wu Jian
Xom
Yredelemnul
Zin
The Shining One
Beogh
Jiyva
Lugonu


Innate Abilities, Weirdness & Mutations

You are resistant to torment.
Your stone body is resilient. (AC +8)
You are immune to poison.
You resist negative energy. (rN+)
You are resistant to electric shocks. (rElec)
You can survive without breathing.
You are immune to petrification.
You are immune to rotting.


Message History

You feel a strong urge to attack something.
You are no longer berserk.
You are exhausted.
You feel yourself slow down.
A jackal simulacrum comes into view.
A bog body comes into view.
Unknown command.
The jackal simulacrum barely misses you.
The jackal simulacrum closely misses you.
You slash the jackal simulacrum!
The jackal simulacrum vapourises!
Trog accepts your kill.
The bog body points at you and mumbles some strange words.
The bolt of cold hits you!
* * * LOW HITPOINT WARNING * * *
Your cyclops goes berserk!
You feel quite a bit more hungry. The bog body casts a spell at you.
The bolt of cold hits you!
You die...

#++##################
#..........C.........
#.........@§.n.......
#..##############++##
#..# #..# #..# #..#
#..# #..# #######÷.#


You could see a bog body and a friendly cyclops (berserk).

Vanquished Creatures
  A vampire knight (D)
  A two-headed ogre (D)
  A centaur warrior (D)
  A skeletal warrior (D)
  A sea snake (D)
  A cyclops (D)
  An ugly thing (D)
  A deep elf mage (D)
  2 rime drakes (D)
  A hellwing (D)
  2 yaktaurs (D)
  A guardian mummy (D)
  A polar bear (D)
  2 hippogriffs (D)
  A tyrant leech (D)
  A wraith (D)
  A ynoxinul (D)
  A hungry ghost (D)
  A steam dragon (D)
  2 vampire mosquitoes (D)
  A porcupine (D)
  A swamp drake (D)
  A phantom (D)
  An orc warrior (D)
  2 wolves (D)
  A big kobold (D)
  2 killer bees (D)
  A quasit (D)
  2 orc priests (D)
  An iron imp (D)
  A worker ant (D)
  Ijyb (D)
  A hell rat (D)
  2 adders (D)
  An ufetubus (D)
  2 leopard geckos (D)
  4 orcs (D)
  A giant cockroach (D)
  3 jackals (D)
  A quokka (D)
  A bat (D)
  A jackal simulacrum (D)
  A quokka skeleton (D)
  3 rats (D)
60 creatures vanquished.

Vanquished Creatures (collateral kills)
  A merfolk aquamancer (D)
  3 skeletal warriors (D)
  A sea snake (D)
  A phantasmal warrior (D)
  A deep elf mage (D)
  A merfolk siren (D)
  A smoke demon (D)
  A merfolk (D)
  A red devil (D)
  2 water elementals (D)
  A vampire (D)
  2 vampire mosquitoes (D)
  A phantom (D)
  A scorpion (D)
  3 killer bees (D)
  A quasit (D)
  An orc wizard (D)
  2 orcs (D)
25 creatures vanquished.

Vanquished Creatures (others)
  A gnoll (D)
  An ufetubus (D)
2 creatures vanquished.

Grand Total: 87 creatures vanquished

Notes
Turn   | Place    | Note
-------+----------+-------------------------------------------
     0 | D        | Fang the Gargoyle Berserker began the quest for the Orb.
     0 | D        | Reached XP level 1. HP: 14/14 MP: 1/1
    17 | D        | Reached skill level 3 in Axes
   102 | D        | Found a bloodstained altar of Trog.
   102 | D        | Found a deep blue altar of Sif Muna.
   102 | D        | Found a viscous altar of Jiyva.
   102 | D        | Found a hazy altar of Hepliaklqana.
   102 | D        | Found an opulent altar of Gozag.
   103 | D        | Found a glowing golden altar of the Shining One.
   103 | D        | Found a glowing silver altar of Zin.
   103 | D        | Found a basalt altar of Yredelemnul.
   103 | D        | Found a shimmering altar of Xom.
   103 | D        | Found an ornate altar of the Wu Jian Council.
   103 | D        | Found a sacrificial altar of Ru.
   103 | D        | Found a stormy altar of Qazlal.
   103 | D        | Found an iron altar of Okawaru.
   103 | D        | Found a sparkling altar of Nemelex Xobeh.
   103 | D        | Found a burning altar of Makhleb.
   103 | D        | Found a blossoming altar of Fedhas.
   103 | D        | Found a white marble altar of Elyvilon.
   103 | D        | Found a shadowy altar of Dithmenos.
   103 | D        | Found a snail-covered altar of Cheibriados.
   105 | D        | Found a radiant altar of Vehumet.
   105 | D        | Found a corrupted altar of Lugonu.
   105 | D        | Found a roughly hewn altar of Beogh.
   145 | D        | Reached XP level 2. HP: 16/20 MP: 2/2
   146 | D        | Reached ** piety under Trog
   220 | D        | Reached skill level 4 in Axes
   222 | D        | Reached *** piety under Trog
   234 | D        | Reached **** piety under Trog
   234 | D        | Reached XP level 3. HP: 24/25 MP: 3/3
   356 | D        | Noticed a big kobold
   356 | D        | Noticed a deep elf mage
   371 | D        | Noticed a hungry ghost
   376 | D        | Killed a deep elf mage
   376 | D        | Reached skill level 9 in Axes
   376 | D        | Reached skill level 5 in Armour
   376 | D        | Reached skill level 1 in Stealth
   376 | D        | Reached XP level 4. HP: 36/36 MP: 4/4
   376 | D        | Reached XP level 5. HP: 41/41 MP: 5/5
   376 | D        | Reached XP level 6. HP: 46/46 MP: 6/6
   382 | D        | Reached XP level 7. HP: 51/51 MP: 7/7
   386 | D        | Reached ***** piety under Trog
   394 | D        | Killed a hungry ghost
   394 | D        | Reached skill level 10 in Fighting
   557 | D        | Reached skill level 10 in Axes
   557 | D        | Reached skill level 5 in Dodging
   583 | D        | Noticed Ijyb
   600 | D        | Killed Ijyb
   600 | D        | Reached XP level 8. HP: 59/59 MP: 8/8
   654 | D        | Noticed a merfolk siren
   654 | D        | Noticed a merfolk aquamancer
   654 | D        | Noticed a water elemental
   654 | D        | Noticed a water elemental
   654 | D        | Noticed a merfolk
   656 | D        | Killed a merfolk
   661 | D        | Killed a water elemental
   664 | D        | Killed a merfolk aquamancer
   664 | D        | Reached skill level 11 in Axes
   667 | D        | Killed a water elemental
   667 | D        | Reached ****** piety under Trog
   669 | D        | Killed a merfolk siren
   669 | D        | Received a gift from Trog
   669 | D        | Reached XP level 9. HP: 25/65 MP: 9/9
  1090 | D        | Reached skill level 12 in Axes
  1091 | D        | Received a gift from Trog
  1130 | D        | Noticed a two-headed ogre
  1138 | D        | Killed a two-headed ogre
  1138 | D        | Reached skill level 10 in Armour
  1156 | D        | Received a gift from Trog
  1156 | D        | Reached skill level 13 in Axes
  1283 | D        | Noticed a cyclops
  1291 | D        | Received a gift from Trog
  1297 | D        | Killed a cyclops
  1297 | D        | Reached XP level 10. HP: 47/72 MP: 10/10
  1484 | D        | Noticed a centaur warrior
  1488 | D        | Noticed a sea snake
  1493 | D        | Killed a centaur warrior
  1493 | D        | Reached skill level 14 in Axes
  1502 | D        | Killed a sea snake
  1633 | D        | Reached skill level 15 in Axes
  1752 | D        | Received a gift from Trog
  1828 | D        | Noticed a phantasmal warrior
  1834 | D        | Killed a phantasmal warrior
  1864 | D        | Reached XP level 11. HP: 75/78 MP: 3/11
  1905 | D        | Noticed a skeletal warrior
  1905 | D        | Noticed a skeletal warrior
  1905 | D        | Noticed a skeletal warrior
  1905 | D        | Noticed a deep elf mage
  1905 | D        | Noticed a skeletal warrior
  1914 | D        | Killed a skeletal warrior
  1914 | D        | Reached skill level 16 in Axes
  1920 | D        | Killed a skeletal warrior
  1920 | D        | Received a gift from Trog
  1929 | D        | Killed a skeletal warrior
  1935 | D        | Noticed a sea snake
  1937 | D        | Killed a skeletal warrior
  1937 | D        | Received a gift from Trog
  1939 | D        | Killed a sea snake
  1942 | D        | Killed a deep elf mage
  2161 | D        | Noticed a vampire knight
  2185 | D        | Killed a vampire knight
  2185 | D        | Reached skill level 17 in Axes
  2442 | D        | Received a gift from Trog
  2476 | D        | Noticed a red ugly thing
  2485 | D        | Killed a red ugly thing
  2499 | D        | Killed from afar by a bog body

Vault maps used:
D:        pitsprint

Skill      XL: |  1  2  3  4  5  6  7  8  9 10 11 |
---------------+----------------------------------+-----
Axes           | 3 4 9 10 11 13 15 17 | 17.3
Fighting       | 4 9 10 11 12 13 14 | 14.7
Dodging        | 2 4 5 6 7 8 |  8.0
Armour         | 5 6 7 9 10 12 14 | 14.0
Stealth        | 1 2 |  2.6

Action                   |  1- 3 |  4- 6 |  7- 9 | 10-12 || total
-------------------------+-------+-------+-------+-------++-------
Melee: Hand axe          |    23 |     4 |    35 |       ||    62
       Battleaxe         |       |       |    26 |       ||    26
       War axe           |       |       |    16 |   119 ||   135
       Executioner's axe |       |       |       |     6 ||     6
Invok: Berserk           |     1 |       |     4 |     6 ||    11
       Brothers in Arms  |       |       |     3 |     4 ||     7
  Use: Potion            |     1 |       |       |       ||     1
 Stab: Sleeping          |     1 |       |       |       ||     1
  Eat: Chunk             |       |       |     9 |     5 ||    14
       Ration            |       |       |       |     2 ||     2
Armor: Animal skin       |     7 |       |       |       ||     7
       Scale mail        |     3 |     2 |    11 |       ||    16
       Chain mail        |       |       |    41 |    62 ||   103
Dodge: Dodged            |    21 |       |    62 |    74 ||   157

Table legend:
 A = Non-vault XP
 B = Vault XP
 C = Vault XP percentage of total XP
 D = Non-vault monster count
 E = Vault monster count
 F = Vault count percentage of total count
                 A         B        C        D         E       F
            +---------+---------+-------+---------+---------+-------
      Total |       0 |   15842 | 100.0 |       0 |      85 | 100.0
            +---------+---------+-------+---------+---------+-------
          D |       0 |   15842 | 100.0 |       0 |      85 | 100.0
            +---------+---------+-------+---------+---------+-------
